 Dungeon Crawl Stone Soup version 0.27.1 (webtiles) character file.

Game seed: 11597271101455047891

4321 Sabo the Cleaver (level 10, -4/77 HPs)
             Began as a Demonspawn Fighter on Aug 26, 2021.
             Was a High Priest of Fedhas.
             Slain by a two-headed ogre (9 damage)
             ... on level 9 of the Dungeon.
             The game lasted 00:47:02 (9139 turns).

Sabo the Cleaver (Demonspawn Fighter)               Turns: 9139, Time: 00:47:05

Health: -4/77      AC: 24    Str: 19    XL:     10   Next: 11%
Magic:  10/10      EV:  9    Int: 10    God:    Fedhas [*****.]
Gold:   244        SH: 15    Dex: 13    Spells: 9/9 levels left

rFire    . . .     SeeInvis .   q - +2 hand axe (freeze)
rCold    . . .     Faith    .   c - +0 kite shield
rNeg     . . .     Spirit   .   J - +0 plate armour
rPois    +         Reflect  +   (helmet restricted)
rElec    .         Harm     .   p - +2 cloak {rPois}
rCorr    .         Rampage  .   B - +2 pair of gloves
Will     .....                  E - +2 pair of boots {Stlth+}
Stlth    ..........             I - amulet of reflection
HPRegen  0.22/turn              v - ring of poison resistance
MPRegen  0.12/turn              a - +4 ring of evasion

@: no status effects
A: horns 1, yellow scales 1, foul stench 2, demonic magic 1
a: Renounce Religion, Wall of Briars, Grow Ballistomycete, Overgrow, Grow Oklob


You were on level 9 of the Dungeon.
You worshipped Fedhas.
Fedhas was extremely pleased with you.
You visited 1 branch of the dungeon, and saw 9 of its levels.
You also visited: Sewer.

You collected 387 gold pieces.
You spent 143 gold pieces at shops.

Inventory:

Hand Weapons
 d - a +4 quarterstaff of chaos
 q - a +2 hand axe of freezing (weapon)
 u - a +0 hand crossbow
 L - the +9 spear of the Brain {pain, Fragile rElec rN+}
   (You found it on level 7 of the Dungeon)

   In the hands of one skilled in necromantic magic, it inflicts extra damage on
   living creatures.
   rElec:     It insulates you from electricity.
   rN:        It protects you from negative energy.
   Fragile:   It will be destroyed if unequipped.
Missiles
 f - 116 arrows
 r - 7 boomerangs (quivered)
 w - 12 javelins
 z - 8 poisoned darts
 F - 28 bolts
 H - 27 sling bullets
Armour
 c - a +0 kite shield (worn)
 e - a +0 chain mail
 p - a +2 cloak of poison resistance (worn)
 B - a +2 pair of gloves (worn)
 E - a +2 pair of boots of stealth (worn)
 J - a +0 plate armour (worn)
Jewellery
 a - a +4 ring of evasion (right hand)
 v - a ring of poison resistance (left hand)
 I - an amulet of reflection (around neck)
 P - an amulet of guardian spirit
Wands
 i - a wand of charming (7)
 l - a wand of flame (11)
 G - a wand of polymorph (9)
Scrolls
 h - 4 scrolls of teleportation
 j - a scroll of enchant weapon {unknown}
 n - 2 scrolls of brand weapon
 o - a scroll of torment {unknown}
 s - a scroll of noise {unknown}
 t - 4 scrolls of blinking
 y - 2 scrolls of summoning
 D - a scroll of fear
 N - a scroll of magic mapping {unknown}
Potions
 b - 2 potions of mutation
 g - a potion of brilliance {unknown}
 k - 2 potions of degeneration {unknown}
 m - a potion of heal wounds
 x - a potion of haste {unknown}
 A - a potion of flight {unknown}
 C - 2 potions of berserk rage {unknown}
 K - 4 potions of curing {unknown}
 M - a potion of invisibility {unknown}
 O - a potion of attraction {unknown}


   Skills:
 + Level 6.4 Fighting
 + Level 9.1 Axes
 + Level 6.2 Armour
 + Level 1.9 Dodging
 + Level 1.0 Stealth
 + Level 6.6 Shields
 + Level 1.1 Evocations


You had 9 spell levels left.
You didn't know any spells.
Your spell library contained the following spells:

 Spells                   Type           Power      Damage    Failure   Level
 Magic Dart               Conj           0%         1d3       100%        1
 Passwall                 Tmut/Erth      0%         N/A       100%        2
 Searing Ray              Conj           0%         3d3       100%        2
 Swiftness                Air            0%         N/A       100%        3
 Fulminant Prism          Conj/Hex       0%         3d6       100%        4
 Invisibility             Hex            0%         N/A       100%        6


Dungeon Overview and Level Annotations

Branches:
Dungeon (9/15)             Temple (0/1) D:5           Sewer (visited)
   Lair: D:8-11         Orc: D:9-12

Altars:
Dithmenos
Fedhas
Hepliaklqana
Makhleb
Okawaru
Qazlal
Sif Muna
Uskayaw
Zin

Shops:
D:7 !


Innate Abilities, Weirdness & Mutations

You have a pair of small horns on your head.
You are partially covered in yellow scales. (AC +2)
You sometimes emit foul miasma when damaged in melee.
Spells you cast may paralyse adjacent enemies.


Message History

The two-headed ogre closely misses you.
The two-headed ogre hits you with a +0 giant club!
You hit the two-headed ogre. You freeze the two-headed ogre.
The two-headed ogre is moderately wounded.
You block the two-headed ogre's attack.
The two-headed ogre hits you with a +0 giant club.
You hit the two-headed ogre but do no damage.
You headbutt the two-headed ogre.
The two-headed ogre is heavily wounded.
You hit the two-headed ogre. You freeze the two-headed ogre.
Your headbutt misses the two-headed ogre.
The two-headed ogre is heavily wounded.
You block the two-headed ogre's attack.
The two-headed ogre hits you with a +0 giant club!
You hit the two-headed ogre. You freeze the two-headed ogre.
Your headbutt misses the two-headed ogre.
The two-headed ogre is heavily wounded.
The two-headed ogre hits you with a +0 giant club.
You block the two-headed ogre's attack.
You barely miss the two-headed ogre. You headbutt the two-headed ogre.
The two-headed ogre is severely wounded.
The two-headed ogre hits you with a +0 giant club!
The two-headed ogre hits you with a +0 giant club.
Your plate armour prevents you from hitting the two-headed ogre.
The two-headed ogre is severely wounded.
The two-headed ogre hits you but does no damage.
You block the two-headed ogre's attack.
You hit the two-headed ogre. You freeze the two-headed ogre.
The two-headed ogre is severely wounded.
You hit the two-headed ogre. You freeze the two-headed ogre.
The two-headed ogre is severely wounded.
You block the two-headed ogre's attack.
The two-headed ogre hits you with a +0 giant club!
You barely miss the two-headed ogre. You headbutt the two-headed ogre!
The two-headed ogre is almost dead.
The two-headed ogre hits you with a +0 giant club!!
* * * LOW HITPOINT WARNING * * *
The two-headed ogre hits you with a +0 giant club!
You die...
Fedhas appreciates your contribution to the ecosystem.

...# ...# ..+ ....# #.#
....# #.##....# #.......#
#.......# #.......#
#O......# #@......#
.......#.......#
.......#.......#
.......#.......#
.......#.......#
.......#.......#
.......+.......#
..#####........#)########
...............).)......#


You could see a two-headed ogre.

Vanquished Creatures
  The ghost of jejorda2 the Sneak, an amateur VSDe (D:6)
  A wyvern (D:8)
  6 yaks
  2 steam dragons (D:7)
  Menkaure (D:7)
  2 orc warriors
  3 sky beasts
  3 necrophages
  A black bear (D:2)
  3 ogres
  2 centaurs
  4 bullfrogs
  2 scorpions
  2 centaur zombies
  5 hounds
  2 bullfrog skeletons (D:5)
  4 orc priests
  Crazy Yiuf (D:2)
  2 centaur skeletons (D:6)
  A jelly (D:6)
  5 iguanas
  7 orc wizards
  Terence (D:2)
  2 hound skeletons
  17 adders
  A shadow imp (D:6)
  A white imp (D:8)
  An ufetubus (D:4)
  An adder skeleton (D:4)
  3 worms
  2 dart slugs
  29 orcs
  7 ball pythons
  20 endoplasms
  17 giant cockroaches
  6 goblins
  5 hobgoblins
  9 quokkas
  7 bats
  7 frilled lizards
  3 kobolds
199 creatures vanquished.

Vanquished Creatures (others)
  4 toadstools (D:1)
  5 withered plants (D:3)
9 creatures vanquished.

Grand Total: 208 creatures vanquished

Notes
Turn   | Place    | Note
-------+----------+-------------------------------------------
     0 | D:1      | Sabo the Demonspawn Fighter began the quest for the Orb.
     0 | D:1      | Reached XP level 1. HP: 18/18 MP: 1/1
   690 | D:1      | Gained mutation: You are partially covered in yellow
                  | scales. (AC +2) [demonic ancestry]
   690 | D:1      | Reached XP level 2. HP: 23/24 MP: 2/2
  1236 | D:2      | Noticed a black bear
  1247 | D:2      | Killed a black bear
  1248 | D:2      | Reached skill level 2 in Axes
  1248 | D:2      | Gained mutation: You may rarely emit foul miasma when
                  | damaged in melee. [demonic ancestry]
  1248 | D:2      | Reached XP level 3. HP: 11/29 MP: 3/3
  1248 | D:2      | Gained mutation: You have a pair of small horns on your
                  | head. [demonic ancestry]
  1248 | D:2      | Reached XP level 4. HP: 14/35 MP: 4/4
  1935 | D:2      | Noticed Terence
  1941 | D:2      | Killed Terence
  1942 | D:2      | Gained mutation: Spells you cast may paralyse adjacent
                  | enemies. [demonic ancestry]
  1942 | D:2      | Reached XP level 5. HP: 37/41 MP: 5/5
  1978 | D:2      | Found a runed translucent door.
  2119 | D:2      | Reached skill level 3 in Axes
  2335 | D:2      | Noticed Crazy Yiuf
  2342 | D:2      | Killed Crazy Yiuf
  2502 | D:3      | Reached skill level 1 in Evocations
  2686 | D:3      | Reached XP level 6. HP: 35/48 MP: 6/6
  2770 | D:3      | Found a faded altar of an unknown god.
  2785 | D:3      | Became a worshipper of Fedhas Madash
  2785 | D:3      | Reached * piety under Fedhas
  3272 | D:3      | Found an iron altar of Okawaru.
  3279 | D:3      | Found a shadowy altar of Dithmenos.
  3434 | D:4      | Found a hide-covered altar of Uskayaw.
  3435 | D:4      | Found a hazy altar of Hepliaklqana.
  3465 | D:4      | Found a stormy altar of Qazlal.
  3515 | D:4      | Reached skill level 4 in Axes
  3565 | D:4      | Reached ** piety under Fedhas
  3632 | D:4      | Noticed a yak
  3638 | D:4      | Noticed a yak
  3643 | D:4      | Noticed a yak
  3646 | D:4      | Killed a yak
  3647 | D:4      | Reached XP level 7. HP: 33/55 MP: 7/7
  3647 | D:4      | Killed a yak
  3648 | D:4      | Reached skill level 5 in Axes
  3652 | D:4      | Killed a yak
  3714 | D:4      | Found a glowing drain.
  3729 | D:4      | Reached skill level 1 in Stealth
  3743 | Sewer    | Entered a sewer
  3900 | Sewer    | Reached *** piety under Fedhas
  4233 | Sewer    | Gained mutation: You sometimes emit foul miasma when
                  | damaged in melee. [demonic ancestry]
  4233 | Sewer    | Reached XP level 8. HP: 59/61 MP: 8/8
  4256 | Sewer    | Reached **** piety under Fedhas
  4287 | Sewer    | Reached skill level 5 in Fighting
  4287 | Sewer    | Reached skill level 6 in Axes
  4450 | D:4      | Reached skill level 1 in Dodging
  5002 | D:5      | Entered Level 5 of the Dungeon
  5062 | D:5      | Reached skill level 5 in Shields
  5841 | D:5      | Found a staircase to the Ecumenical Temple.
  5978 | D:6      | Reached skill level 7 in Axes
  6418 | D:6      | Reached skill level 5 in Armour
  6421 | D:6      | Reached XP level 9. HP: 67/69 MP: 9/9
  6502 | D:6      | Found a runed translucent door.
  6506 | D:6      | Noticed jejorda2's ghost (amateur VSDe)
  6539 | D:6      | Killed jejorda2's ghost
  7431 | D:7      | Found Kuasm's Distillery.
  7436 | D:7      | Bought a potion of heal wounds for 55 gold pieces
  7436 | D:7      | Bought a potion of mutation for 88 gold pieces
  7468 | D:7      | Found a burning altar of Makhleb.
  7508 | D:7      | Noticed Menkaure
  7519 | D:7      | Killed Menkaure
  7529 | D:7      | Reached skill level 8 in Axes
  7714 | D:7      | Reached ***** piety under Fedhas
  7797 | D:7      | Identified the +9 spear of the Brain {pain, Fragile rElec
                  | rN+}
  8069 | D:7      | Found a shimmering blue altar of Sif Muna.
  8958 | D:9      | Reached XP level 10. HP: 69/77 MP: 10/10
  8959 | D:9      | Reached skill level 9 in Axes
  9119 | D:9      | Noticed a two-headed ogre
  9139 | D:9      | Slain by a two-headed ogre

Illustrated notes

Levels and vault maps discovered:
D:1:      ldierk_walled_garden_2, layout_basic
D:2:      layout_basic, uniq_terence, uniq_crazy_yiuf_cottage
D:3:      layout_loops_ring, mainiacjoe_overflow_big_doors,
          ebering_ecumenical_altar_petrified
D:4:      layout_loops_ring, nicolae_overflow_quartered_altars,
          cheibrodos_sewer_entry_drain, fountainhead, kennysheep_dice
D:5:      layout_loops_ring, minmay_temple_entry_gardened_gates
D:6:      layout_cave_pools, gammafunk_ghost_grave, nicolae_sextant
D:7:      layout_rooms, lemuel_blue_sif_altar, makhleb_heckhound_becter,
          serial_shops, kennysheep_little_box, uniq_menkaure
D:8:      layout_rooms, columned_hall_lemuel
D:9:      layout_gridville, skrybe_limestone_x, uniq_erolcha

Skill      XL: |  1  2  3  4  5  6  7  8  9 10 |
---------------+-------------------------------+-----
Axes           | 2 3 4 5 7 8 9 |  9.1
Armour         | 3 4 5 6 |  6.2
Shields        | 3 4 5 6 |  6.6
Evocations     | 1 |  1.1
Fighting       | 4 5 6 |  6.4
Stealth        | 1 |  1.0
Dodging        | 1 |  1.9

Action                   |  1- 3 |  4- 6 |  7- 9 | 10-12 || total
-------------------------+-------+-------+-------+-------++-------
Melee: War axe           |    43 |    38 |       |       ||    81
       Headbutt          |       |    28 |    99 |     9 ||   136
       Hand axe          |       |   105 |   506 |    38 ||   649
Throw: Boomerang         |       |       |     1 |     3 ||     4
Evoke: Wand              |       |     4 |       |       ||     4
  Use: Potion            |       |     1 |     2 |       ||     3
       Scroll            |       |     2 |    10 |       ||    12
Armor: Chain mail        |    49 |    73 |   190 |       ||   312
       Scale mail        |     1 |       |       |       ||     1
       Plate armour      |       |       |    83 |     8 ||    91
Dodge: Dodged            |    12 |    34 |    84 |     7 ||   137
Block: Kite shield       |    38 |    65 |   305 |    26 ||   434
       Reflection        |       |       |     2 |       ||     2
